 Dungeon Crawl Stone Soup version 0.22.0 (webtiles) character file.

329 znidz the Shooter (level 6, 0/51 HPs)
             Began as a Minotaur Hunter on Aug 11, 2018.
             Killed by divine providence
             ... invoked by an orc priest
              (9 damage)
             ... on level 3 of the Dungeon.
             The game lasted 00:12:51 (1887 turns).

znidz the Shooter (Minotaur Hunter)                 Turns: 1887, Time: 00:12:52

Health: 0/51       AC:  3    Str: 18    XL:     6   Next: 25%
Magic:  5/5        EV: 12    Int:  8    God:
Gold:   64         SH:  0    Dex: 11    Spells: 5/5 levels left

rFire    . . .     SeeInvis .   e - +0 mace
rCold    . . .     Gourm    .   (no shield)
rNeg     . . .     Faith    .   c - +0 leather armour
rPois    .         Spirit   .   (helmet restricted)
rElec    .         Reflect  .   (no cloak)
rCorr    .         Harm     .   (no gloves)
MR       .....                  (no boots)
Stlth    +.........             (no amulet)
HPRegen  0.17/turn              (no ring)
MPRegen  0.09/turn              (no ring)

@: no status effects
A: retaliatory headbutt, horns 2
a: no special abilities


You were on level 3 of the Dungeon.
You were not hungry.

You visited 1 branch of the dungeon, and saw 3 of its levels.

You collected 64 gold pieces.

Inventory:

Hand Weapons
 a - a +1 shortbow
 b - a +0 short sword
 e - a +0 mace (weapon)
 i - a +0 spear
 l - a +0 falchion
 m - a +0 whip
Missiles
 d - 6 arrows
Armour
 c - a +0 leather armour (worn)
 h - a +0 leather armour
 k - a +0 robe
Scrolls
 g - a scroll of teleportation {unknown}
 j - a scroll of blinking {unknown}
 p - a scroll of enchant armour {unknown}
Potions
 o - a potion of haste {unknown}
Comestibles
 f - 3 rations


   Skills:
 + Level 3.4 Fighting
 + Level 0.9 Short Blades
 + Level 0.8 Maces & Flails
 + Level 7.2 Bows
 + Level 1.8 Armour
 + Level 2.7 Dodging
 + Level 1.0 Stealth


You had 5 spell levels left.
You didn't know any spells.
Your spell library was empty.

Dungeon Overview and Level Annotations

Branches:
Dungeon (3/15)

Altars:


Innate Abilities, Weirdness & Mutations

You reflexively headbutt those who attack you in melee.
You have a pair of horns on your head.


Message History

* * * LOW HITPOINT WARNING * * *
The kobold shouts!
An orc comes into view. It is wielding a short sword.
The kobold throws a stone.
The stone hits you but does no damage.
The orc priest looks encouraged for a moment.
You see here a stone.
An orc priest comes into view. It is wielding a short sword.
The orc shouts!
A bat comes into view.
The orc priest closely misses you.
Unknown command.
It was a potion of heal wounds.
You feel much better. The orc priest hits you with a dagger.
The orc priest shouts!
The orc priest calls down the wrath of Beogh upon you.
Pain shoots through your body!
* * * LOW HITPOINT WARNING * * *
The orc priest calls down the wrath of Beogh upon you.
Beogh smites you!
You die...

.......## ........####
..o........### #.#
.............#####...
.!....o.?K.?......#....
.........o(............
.......................
.......)...............#
............@..........#
..<....................#
.......(...>...........#
.....................#
...................##
##########.##.)..........##
......†................###
#####........#.##......#
......########.........#


You could see 2 orc priests, an orc and a kobold.

Vanquished Creatures
  Grinder (D:3)
  A scorpion (D:2)
  An adder (D:2)
  2 oozes
  A worm (D:2)
  3 dart slugs
  2 leopard geckos
  3 bats
  2 giant cockroaches
  13 hobgoblins
  3 jackals (D:1)
  6 kobolds
  A quokka (D:3)
  2 ball pythons (D:1)
  2 frilled lizards
  5 goblins
  2 rats (D:1)
50 creatures vanquished.

Notes
Turn   | Place    | Note
-------+----------+-------------------------------------------
     0 | D:1      | znidz the Minotaur Hunter began the quest for the Orb.
     0 | D:1      | Reached XP level 1. HP: 18/18 MP: 0/0
   224 | D:1      | Reached XP level 2. HP: 24/25 MP: 1/1
   254 | D:1      | Reached skill level 5 in Bows
   680 | D:1      | Reached XP level 3. HP: 30/30 MP: 2/2
  1495 | D:2      | Noticed a scorpion
  1514 | D:2      | Killed a scorpion
  1514 | D:2      | Reached skill level 6 in Bows
  1514 | D:2      | Reached XP level 4. HP: 14/37 MP: 3/3
  1814 | D:3      | Noticed Grinder
  1833 | D:3      | Killed Grinder
  1833 | D:3      | Reached skill level 7 in Bows
  1833 | D:3      | Reached skill level 1 in Armour
  1833 | D:3      | Reached skill level 1 in Stealth
  1833 | D:3      | Reached XP level 5. HP: 30/45 MP: 4/4
  1833 | D:3      | Reached XP level 6. HP: 35/51 MP: 5/5
  1881 | D:3      | HP: 2/51 [orc priest/divine providence (15)]
  1887 | D:3      | Killed from afar by an orc priest

Skill      XL: |  1  2  3  4 |
---------------+-------------+-----
Bows           | 5 6 7 |  7.2
Fighting       | 3 |  3.4
Armour         | 1 |  1.8
Stealth        | 1 |  1.0
Short Blades   | |  0.9
Maces & Flails | |  0.8
Dodging        | |  2.7

Action                   |  1- 3 |  4- 6 || total
-------------------------+-------+-------++-------
Melee: Short sword       |     8 |     6 ||    14
       Spear             |     3 |       ||     3
       Headbutt          |     2 |     5 ||     7
       Mace              |       |    16 ||    16
 Fire: Shortbow          |   105 |    18 ||   123
  Use: Potion            |     1 |     2 ||     3
  Eat: Chunk             |     1 |       ||     1
       Ration            |       |     1 ||     1
Armor: Leather armour    |    10 |     7 ||    17
Dodge: Dodged            |    19 |    14 ||    33
